 Dungeon Crawl Stone Soup version 0.23.2-1-ga50397a (webtiles) character file.

Game seed: 11279371040392038537

8474 doot the Geomancer (level 11, -6/57 HPs)
             Began as a Gargoyle Earth Elementalist on May 17, 2019.
             Was a High Priest of Vehumet.
             Mangled by a cyclops (14 damage)
             ... on level 11 of the Dungeon.
             The game lasted 00:38:41 (12689 turns).

doot the Geomancer (Gargoyle Earth Elementalist)   Turns: 12689, Time: 00:38:42

Health: -6/57      AC: 11    Str: 12    XL:     11   Next: 31%
Magic:  14/25      EV: 13    Int: 19    God:    Vehumet [*****.]
Gold:   539        SH:  0    Dex: 12    Spells: 13/30 levels left

rFire    + . .     SeeInvis .   a - staff of energy
rCold    + + .     Gourm    .   (no shield)
rNeg     + + .     Faith    .   c - +0 robe
rPois    ∞         Spirit   .   h - +1 hat
rElec    +         Reflect  .   L - scarf {rC+ rF+}
rCorr    .         Harm     .   (no gloves)
MR       +....                  (no boots)
Stlth    ++........             S - amulet of the Tortoise {*Drain rC+ Regen+ Dex+2}
HPRegen  0.59/turn              s - ring of positive energy
MPRegen  0.19/turn              v - ring of protection from magic

@: no status effects
A: negative energy resistance 1, electricity resistance, unbreathing,
petrification resistance, rot immunity, AC +8
a: Renounce Religion


You were on level 11 of the Dungeon.
You worshipped Vehumet.
Vehumet was extremely pleased with you.
You were not hungry.

You visited 2 branches of the dungeon, and saw 12 of its levels.
You also visited: Sewer.

You collected 539 gold pieces.

Inventory:

Hand Weapons
 b - the +1 quarterstaff "Pikac" {crush, rPois}
   (You found it on level 7 of the Dungeon)

   It inflicts extra damage upon your enemies.
   It protects you from poison.
 g - a +0 whip
 q - a +3 quarterstaff of chaos
 G - a +0 quarterstaff
Missiles
 K - 10 stones (quivered)
Armour
 c - a +0 robe (worn)
 h - a +1 hat (worn)
 B - a +0 cloak
 F - a +1 cloak of poison resistance
 L - a scarf of resistance (worn)
Magical Staves
 a - an uncursed staff of energy (weapon)
 R - an uncursed staff of fire
Jewellery
 s - a ring of positive energy (left hand)
 v - a ring of protection from magic (right hand)
 y - an uncursed amulet of regeneration
 S - the amulet of the Tortoise (around neck) {*Drain rC+ Regen+ Dex+2}
   (You found it on level 10 of the Dungeon)

   [amulet of regeneration]

   It affects your dexterity (+2).
   It protects you from cold.
   It increases your rate of regeneration.
   It causes draining when unequipped.
Wands
 t - a wand of iceblast (12)
 x - a wand of polymorph (22)
 M - a wand of flame (20)
 O - a wand of disintegration (17)
 P - a wand of random effects (18)
Scrolls
 e - 7 scrolls of teleportation
 f - 4 scrolls of enchant armour {unknown}
 i - 2 scrolls of immolation {unknown}
 j - 11 scrolls of remove curse
 k - 2 scrolls of noise {unknown}
 r - 6 scrolls of magic mapping
 z - 4 scrolls of fog {unknown}
 E - 2 scrolls of blinking {unknown}
 N - 3 scrolls of fear {unknown}
 Q - a scroll of enchant weapon {unknown}
Potions
 l - 10 potions of curing
 m - 4 potions of magic
 n - 10 potions of heal wounds
 o - 2 potions of lignification
 p - 2 potions of agility
 u - 2 potions of invisibility
 w - a potion of flight
 A - 4 potions of mutation
 D - 3 potions of might
 H - a potion of resistance
 I - 2 potions of brilliance
 J - 7 potions of haste
 T - a potion of degeneration
Comestibles
 d - 21 rations


   Skills:
 + Level 1.6 Fighting
 + Level 0.5(1.7) Maces & Flails
 + Level 2.5(2.6) Staves
 + Level 2.9 Dodging
 + Level 4.2 Stealth
 + Level 0.2 Unarmed Combat
 + Level 10.4 Spellcasting
 + Level 2.8 Conjurations
 + Level 0.7 Transmutations
 + Level 13.7 Earth Magic


You had 13 spell levels left.
You knew the following spells:

 Your Spells              Type           Power        Failure   Level  Hunger
a - Sandblast             Erth           ######       1%          1    None
b - Stone Arrow           Conj/Erth      #####.       1%          3    None
c - Lee's Rapid Deconstr  Erth           ######....   1%          5    None
d - Petrify               Tmut/Erth      #####...     3%          4    None
e - Conjure Flame         Conj/Fire      ###.....     3%          3    None
f - Magic Dart            Conj           ###.         1%          1    None

Your spell library contained the following spells:

 Spells                   Type           Power        Failure   Level  Hunger
 Bolt of Fire             Conj/Fire      ###.......   78%         6    None
 Passwall                 Tmut/Erth      #####...     1%          2    None
 Mephitic Cloud           Conj/Pois/Air  ##......     4%          3    None
 Beastly Appendage        Tmut           ##....       5%          1    None
 Sticks to Snakes         Tmut           ##......     8%          2    None
 Blink                    Tloc           N/A          11%         2    None
 Call Imp                 Summ           #.......     11%         2    None
 Slow                     Hex            #.......     11%         2    None
 Spider Form              Tmut/Pois      ##........   19%         3    None
 Ice Form                 Ice/Tmut       ##......     52%         4    None
 Blade Hands              Tmut           ##........   82%         5    None


Dungeon Overview and Level Annotations

Branches:
Dungeon (11/15)            Temple (1/1) D:4            Lair (0/6) D:10
    Orc: D:9-12

Altars:
Ashenzari
Cheibriados
Dithmenos
Elyvilon
Fedhas
Gozag
Hepliaklqana
Kikubaaqudgha
Makhleb
Nemelex Xobeh
Okawaru
Qazlal
Ru
Sif Muna
Trog
Uskayaw
Vehumet
Wu Jian
Xom
Yredelemnul
Zin
The Shining One


Innate Abilities, Weirdness & Mutations

You are resistant to torment.
Your stone body is resilient. (AC +8)
You are immune to poison.
You resist negative energy. (rN+)
You are resistant to electric shocks. (rElec)
You can survive without breathing.
You are immune to petrification.
You are immune to rotting.


Message History

The cyclops is lightly wounded.
K - 10 stones
Casting: Sandblast (safe; 1% risk of failure)
Confirm with . or Enter, or press ? or * to list all spells.
Aiming: Lee's Rapid Deconstruction (safe; 1% risk of failure)
Press: ? - help, Dir - move target cursor, p - cyclops A rock wall.
The wall shatters!
The blast of rock fragments hits the cyclops!
The cyclops is moderately wounded.
Casting: Lee's Rapid Deconstruction (safe; 1% risk of failure)
Confirm with . or Enter, or press ? or * to list all spells.
Aiming: Lee's Rapid Deconstruction (safe; 1% risk of failure)
Press: ? - help, Dir - move target cursor A rock wall.
The wall shatters!
The blast of rock fragments hits the cyclops!!
The cyclops is severely wounded.
The cyclops hits you!
You die...

...!....#
....>...#########
#%.......C#.......#
#.........#.#####.#
#.!..[....#.#.....#
#......!..#.#.#####
#.........#@#.#
#.........#C#.#
#######........(.#.#
...........#######.#
...........'.......#
........(..#########
...........#
...........#
....(......#


You could see a cyclops.

Vanquished Creatures
  A manticore (D:11)
  4 kobold demonologists (D:11)
  2 trolls
  A hippogriff (D:11)
  Sigmund (D:2)
  A shadow (D:11)
  A yak (D:10)
  Grum (D:11)
  4 orc warriors
  4 ice beasts
  2 sky beasts
  2 black bears (D:10)
  6 centaurs
  2 wolves (D:11)
  An eye of draining (D:10)
  A phantom (D:9)
  4 ogres
  A crocodile (D:11)
  3 big kobolds (D:11)
  8 bullfrogs
  A gnoll sergeant (D:9)
  3 scorpions
  A wyvern skeleton (D:10)
  10 killer bees (D:8)
  3 wights (D:9)
  3 howler monkeys (D:7)
  3 crimson imps
  2 centaur zombies
  A centaur skeleton (D:4)
  5 hounds
  4 orc priests
  7 jellies
  5 iguanas
  Crazy Yiuf (D:7)
  2 bullfrog skeletons
  8 orc wizards
  8 worker ants
  A hound zombie (D:11)
  3 worker ant zombies
  Robin (D:2)
  2 howler monkey skeletons
  6 gnolls
  6 river rats (Sewer)
  13 adders
  A shadow imp (D:9)
  8 oozes
  3 adder zombies
  3 worms
  11 leopard geckos
  38 orcs
  10 giant cockroaches
  15 goblins
  14 hobgoblins
  7 jackals
  3 quokkas
  10 ball pythons (Sewer)
  5 bats
  19 frilled lizards
  12 kobolds
  36 rats
344 creatures vanquished.

Notes
Turn   | Place    | Note
-------+----------+-------------------------------------------
     0 | D:1      | doot the Gargoyle Earth Elementalist began the quest for
                  | the Orb.
     0 | D:1      | Reached XP level 1. HP: 10/10 MP: 3/3
   103 | D:1      | Reached skill level 4 in Earth Magic
   118 | D:1      | Reached XP level 2. HP: 15/15 MP: 0/5
   458 | D:1      | Reached XP level 3. HP: 17/19 MP: 0/6
   828 | D:1      | Learned a level 3 spell: Stone Arrow
  1500 | D:2      | Reached XP level 4. HP: 24/24 MP: 4/8
  1858 | D:2      | Found an ancient bone altar of Kikubaaqudgha.
  1937 | D:2      | Reached skill level 5 in Earth Magic
  2197 | D:2      | Noticed Sigmund
  2467 | D:3      | Reached XP level 5. HP: 28/28 MP: 7/9
  2477 | D:3      | Learned a level 5 spell: Lee's Rapid Deconstruction
  3063 | D:3      | Noticed an ogre
  3073 | D:3      | Killed an ogre
  3073 | D:3      | Reached XP level 6. HP: 32/32 MP: 4/11
  3469 | D:4      | Reached skill level 6 in Earth Magic
  3689 | D:4      | Found a staircase to the Ecumenical Temple.
  3692 | D:4      | Reached XP level 7. HP: 36/36 MP: 9/13
  3705 | Temple   | Entered the Ecumenical Temple
  3801 | Temple   | Became a worshipper of Vehumet
  4074 | D:2      | Noticed Robin
  4240 | D:2      | Killed Sigmund
  4240 | D:2      | Reached skill level 1 in Conjurations
  4240 | D:2      | Reached skill level 7 in Earth Magic
  4246 | D:2      | Killed Robin
  4246 | D:2      | Reached skill level 5 in Spellcasting
  4448 | D:2      | Learned a level 4 spell: Petrify
  4611 | D:3      | Reached * piety under Vehumet
  4611 | D:3      | Offered knowledge of Shock by Vehumet.
  4823 | D:5      | Entered Level 5 of the Dungeon
  4850 | D:5      | Found a snail-covered altar of Cheibriados.
  5187 | D:5      | Found a bloodstained altar of Trog.
  5426 | D:5      | Found a glowing drain.
  5430 | D:5      | Reached skill level 8 in Earth Magic
  5443 | Sewer    | Entered a sewer
  5481 | Sewer    | Reached XP level 8. HP: 38/41 MP: 5/16
  5796 | Sewer    | Offered knowledge of Throw Frost by Vehumet.
  5833 | Sewer    | Reached ** piety under Vehumet
  6396 | D:6      | Offered knowledge of Conjure Flame by Vehumet.
  6403 | D:6      | Learned a level 3 spell: Conjure Flame
  6602 | D:6      | Reached skill level 9 in Earth Magic
  6612 | D:6      | Reached *** piety under Vehumet
  6762 | D:6      | Found an iron altar of Okawaru.
  7252 | D:6      | Reached XP level 9. HP: 46/46 MP: 11/18
  7333 | D:6      | Reached skill level 10 in Earth Magic
  7707 | D:7      | Found a blossoming altar of Fedhas.
  7709 | D:7      | Found a shimmering altar of Xom.
  7849 | D:7      | Offered knowledge of Ignite Poison by Vehumet.
  7885 | D:7      | Learned a level 1 spell: Magic Dart
  8051 | D:7      | Reached skill level 11 in Earth Magic
  8498 | D:7      | Found a runed translucent door.
  8499 | D:7      | Noticed Crazy Yiuf
  8642 | D:7      | Killed Crazy Yiuf
  8840 | D:8      | Reached **** piety under Vehumet
  8872 | D:8      | Reached skill level 1 in Staves
  8927 | D:8      | Offered knowledge of Olgreb's Toxic Radiance by Vehumet.
  8974 | D:8      | Reached skill level 1 in Fighting
  9268 | D:8      | Reached XP level 10. HP: 52/52 MP: 12/22
  9909 | D:7      | Got a pitted quarterstaff
  9910 | D:7      | Identified the +1 quarterstaff "Pikac" {crush, rPois} (You
                  | found it on level 7 of the Dungeon)
 10613 | D:9      | Reached skill level 12 in Earth Magic
 10753 | D:9      | Found a snail-covered altar of Cheibriados.
 10854 | D:9      | Found a shadowy altar of Dithmenos.
 10854 | D:9      | Found a shattered altar of Ashenzari.
 10915 | D:10     | Entered Level 10 of the Dungeon
 11207 | D:10     | Got a bound iron amulet
 11214 | D:10     | Identified the amulet of the Tortoise {*Drain rC+ Regen+
                  | Dex+2} (You found it on level 10 of the Dungeon)
 11391 | D:10     | Reached ***** piety under Vehumet
 11469 | D:10     | Found a staircase to the Lair.
 11786 | D:11     | Noticed Grum
 11792 | D:11     | Offered knowledge of Bolt of Fire by Vehumet.
 11793 | D:11     | Killed Grum
 12228 | D:11     | Noticed a kobold demonologist
 12229 | D:11     | Noticed a kobold demonologist
 12233 | D:11     | Killed a kobold demonologist
 12233 | D:11     | Reached skill level 13 in Earth Magic
 12234 | D:11     | Noticed a kobold demonologist
 12235 | D:11     | Killed a kobold demonologist
 12235 | D:11     | Reached XP level 11. HP: 56/56 MP: 6/24
 12236 | D:11     | Reached skill level 10 in Spellcasting
 12254 | D:11     | Noticed a manticore
 12262 | D:11     | Killed a manticore
 12643 | D:11     | Noticed a cyclops
 12689 | D:11     | Mangled by a cyclops

Skill      XL: |  1  2  3  4  5  6  7  8  9 10 11 |
---------------+----------------------------------+-----
Earth Magic    | 4 5 6 8 9 11 13 | 13.7
Spellcasting   | 3 4 5 6 8 9 10 | 10.4
Dodging        | 2 |  2.9
Conjurations   | 1 2 |  2.8
Stealth        | 3 4 |  4.2
Staves         | 1 2 |  2.5
Fighting       | 1 |  1.6
Maces & Flails | |  0.5
Unarmed Combat | |  0.2
Transmutations | |  0.7

Action                   |  1- 3 |  4- 6 |  7- 9 | 10-12 || total
-------------------------+-------+-------+-------+-------++-------
Melee: Unarmed           |    18 |       |       |       ||    18
       Whip              |       |    29 |    25 |       ||    54
       Quarterstaff      |       |       |    27 |    33 ||    60
       Staff             |       |       |       |     2 ||     2
 Cast: Sandblast         |    53 |    54 |   188 |   107 ||   402
       Stone Arrow       |     7 |    20 |    32 |    18 ||    77
       Lee's Rapid Decon |       |       |    21 |    19 ||    40
       Petrify           |       |       |     1 |       ||     1
       Magic Dart        |       |       |    12 |     6 ||    18
       Conjure Flame     |       |       |     1 |     1 ||     2
  Use: Potion            |     3 |     1 |       |       ||     4
       Scroll            |       |     1 |     7 |     6 ||    14
 Stab: Petrified         |       |       |     5 |       ||     5
       Sleeping          |       |       |     1 |     1 ||     2
  Eat: Chunk             |     3 |     9 |    24 |    10 ||    46
       Ration            |       |       |       |     1 ||     1
Armor: Robe              |    33 |    19 |    57 |    36 ||   145
       Skin              |     6 |       |       |       ||     6
Dodge: Dodged            |    66 |    37 |   123 |    80 ||   306
